 Dungeon Crawl Stone Soup version 0.23.2-1-ga50397a6bc (webtiles) character file.

Game seed: 1848173615051013791

14237 FluffierThanThou the Fighter (level 12, -5/113 HPs)
             Began as a Hill Orc Fighter on May 14, 2019.
             Was a Priest of Beogh.
             Slain by an orc warrior
             ... wielding a +0 halberd
             ... led by an orc warlord
              (11 damage)
             ... on level 2 of the Orcish Mines.
             The game lasted 01:01:00 (12304 turns).

FluffierThanThou the Fighter (Hill Orc Fighter)    Turns: 12304, Time: 01:01:01

Health: -5/113     AC: 20    Str: 27    XL:     12   Next: 14%
Magic:  0/18       EV:  6    Int:  9    God:    Beogh [***...]
Gold:   956        SH: 12    Dex: 10    Spells: 16/19 levels left

rFire    . . .     SeeInvis .   H - +0 hand axe (venom)
rCold    + . .     Gourm    .   c - +0 shield
rNeg     + + .     Faith    .   b - +0 plate armour
rPois    +         Spirit   +   O - +0 helmet
rElec    .         Reflect  .   M - scarf {Spirit}
rCorr    +         Harm     .   j - +0 pair of gloves
MR       .....                  (no boots)
Stlth    ..........             w - amulet of Dim Light {rC+ rN++ Regen+ Str+4 Int-3}
HPRegen  0.68/turn              C - ring of resist corrosion
MPRegen  0.16/turn              I - +3 ring of intelligence

@: no status effects
A: claws 1, icy blue scales 1, yellow scales 1, poison resistance
a: Smiting, Renounce Religion


You were on level 2 of the Orcish Mines.
You worshipped Beogh.
Beogh was most pleased with you.
You were not hungry.

You visited 3 branches of the dungeon, and saw 13 of its levels.

You collected 1031 gold pieces.
You spent 75 gold pieces at shops.

Inventory:

Hand Weapons
 d - a +0 long sword of distortion
 p - a +2 whip of electrocution
 H - a +0 hand axe of venom (weapon)
 N - a +4 trident of freezing
Armour
 a - a +2 robe of magic resistance
 b - a +0 plate armour (worn)
 c - a +0 shield (worn)
 e - a +0 chain mail
 j - a +0 pair of gloves (worn)
 m - a +0 troll leather armour
 M - a scarf of spirit shield (worn)
 O - a +0 helmet (worn)
Jewellery
 w - the amulet of Dim Light (around neck) {rC+ rN++ Regen+ Str+4 Int-3}
   (You found it on level 8 of the Dungeon)

   [amulet of regeneration]

   It affects your strength (+4).
   It affects your intelligence (-3).
   It protects you from cold.
   It greatly protects you from negative energy.
   It increases your rate of regeneration.
 C - a ring of resist corrosion (left hand)
 E - an uncursed amulet of the acrobat
 I - a +3 ring of intelligence (right hand)
Wands
 o - a wand of paralysis (7)
 q - a wand of flame (21)
Scrolls
 g - 5 scrolls of amnesia
 h - 9 scrolls of identify
 i - 5 scrolls of remove curse
 k - 6 scrolls of immolation
 l - a scroll of holy word {unknown}
 r - 2 scrolls of magic mapping {unknown}
 t - a scroll of enchant weapon {unknown}
 u - a scroll of noise {unknown}
 v - 4 scrolls of teleportation {unknown}
 x - 4 scrolls of fog
 y - a scroll of fear {unknown}
 B - 2 scrolls of blinking {unknown}
 K - a scroll of random uselessness {unknown}
 L - 2 scrolls of enchant armour {unknown}
Potions
 n - a potion of ambrosia
 A - a potion of resistance
 D - a potion of flight {unknown}
 G - 2 potions of curing
Comestibles
 f - 6 rations


   Skills:
 * Level 12.7 Fighting
 + Level 10.1 Axes
 + Level 8.8 Armour
 + Level 8.8 Shields
 * Level 4.4 Spellcasting
 - Level 5.0 Conjurations
 - Level 5.0 Fire Magic
 - Level 5.0 Invocations


You had 16 spell levels left.
You knew the following spells:

 Your Spells              Type           Power        Failure   Level  Hunger
a - Conjure Flame         Conj/Fire      ##......     91%         3    ###....

Your spell library contained the following spells:

 Spells                   Type           Power        Failure   Level  Hunger
 Magic Dart               Conj           ##..         56%         1    #......
 Throw Frost              Conj/Ice       #.....       96%         2    ###....
 Blink                    Tloc           N/A          100%        2    ###....
 Call Imp                 Summ           #.......     100%        2    ###....
 Passwall                 Tmut/Erth      #.......     100%        2    ###....
 Slow                     Hex            #.......     100%        2    ###....
 Swiftness                Chrm/Air       #.......     100%        2    ###....
 Mephitic Cloud           Conj/Pois/Air  #.......     100%        3    ###....
 Ozocubu's Armour         Chrm/Ice       #.......     100%        3    ###....
 Ice Form                 Ice/Tmut       #.......     100%        4    #####..
 Passage of Golubria      Tloc           N/A          100%        4    #####..
 Petrify                  Tmut/Erth      #.......     100%        4    #####..
 Lee's Rapid Deconstruct  Erth           #.........   100%        5    ######.
 Darkness                 Hex            #.........   100%        6    #######
 Invisibility             Hex            #.......     100%        6    #######
 Dragon Form              Tmut           #.........   100%        7    #######


Dungeon Overview and Level Annotations

Branches:
Dungeon (10/15)            Temple (1/1) D:6            Lair (0/6) D:10
    Orc (2/2) D:9             Elf (0/3) Orc:2

Altars:
Ashenzari
Cheibriados
Dithmenos
Elyvilon
Fedhas
Gozag
Hepliaklqana
Kikubaaqudgha
Makhleb
Nemelex Xobeh
Okawaru
Qazlal
Ru
Sif Muna
Trog
Uskayaw
Vehumet
Wu Jian
Xom
Yredelemnul
Zin
The Shining One
Beogh

Shops:
D:6 :   D:7 ?   Orc:1 =


Innate Abilities, Weirdness & Mutations

You have sharp fingernails.
You are partially covered in icy blue scales. (AC +2)
You are partially covered in yellow scales. (AC +2)
Your system is resistant to poisons. (rPois)


Message History

You hit the orc warrior but do no damage.
The orc warrior looks as sick as possible!
The orc warrior is lightly wounded.
You slash the orc warrior!
You hit the orc warrior but do no damage.
The orc warrior looks as sick as possible!
You hit the orc warlord but do no damage.
The orc warlord is poisoned.
You block the orc warrior's attack.
The orc warrior hits you but does no damage.
The orc warrior hits you from afar with a +0 glaive!!
The orc warlord hits you with a +1 dire flail of protection!!
* * * LOW HITPOINT WARNING * * *
The orc warrior hits you but does no damage.
The orc warrior hits you with a +0 short sword!
* * * LOW HITPOINT WARNING * * *
You block the orc warrior's attack. x2
There is a stone staircase leading up, spattered with blood here.
The orc warrior hits you from afar with a +0 halberd!
You die...
Beogh appreciates the orc warrior's killing of a heretic priest.

#...[ #### #.... ##..#
#.... ###...## #.(
###......### #.[
##.......##.## ####
#............# #.##
.####...o......#####...
.....#.@oo...[..........
........o......)........
.........o..##.[).......
............##.[........
#..........####.........
#...........##..........
.......................<
....##.............)....
... ###..........#.....


You could see an orc warlord and 4 orc warriors.

Vanquished Creatures
  5 two-headed ogres
  An ogre mage (D:9)
  An orc sorcerer (Orc:1)
  2 centaur zombies (D:10)
  Joseph (D:9)
  A komodo dragon (D:8)
  2 trolls
  2 hippogriffs (D:8)
  4 flying skulls
  2 shadows
  3 wraiths
  A wyvern (D:8)
  4 wargs
  A water moccasin (D:5)
  11 orc warriors
  A hornet zombie (D:10)
  2 sky beasts
  An ice beast (D:5)
  A phantom (D:8)
  A black bear (D:9)
  6 ogres
  A necrophage (D:9)
  3 centaurs
  2 big kobolds
  4 bullfrogs
  2 wyvern skeletons
  A scorpion (D:5)
  4 killer bees (D:7)
  6 wights
  A howler monkey (D:6)
  3 crimson imps
  5 jellies
  A quasit (D:6)
  3 bullfrog zombies
  4 hounds
  4 orc priests
  3 bullfrog skeletons
  3 centaur skeletons
  Jessica (D:2)
  Natasha (D:3)
  4 iguanas
  6 orc wizards
  8 worker ants
  2 hound zombies (D:10)
  2 hound skeletons
  A worker ant zombie (D:10)
  A howler monkey skeleton (D:4)
  9 adders
  4 gnolls (Orc:1)
  4 shadow imps
  8 oozes
  3 adder zombies
  2 adder skeletons
  5 worms
  A dart slug (D:4)
  7 leopard geckos
  41 orcs
  3 ball pythons
  5 giant cockroaches
  10 hobgoblins
  3 jackals (D:7)
  A quokka (D:2)
  4 bats
  2 frilled lizards
  A giant cockroach zombie (D:6)
  7 goblins
  22 kobolds
  6 rats
277 creatures vanquished.

Vanquished Creatures (collateral kills)
  A two-headed ogre (Orc:2)
  A troll (Orc:2)
  An orc warrior (Orc:1)
  2 ogres
  2 gnolls (Orc:1)
  6 orcs
13 creatures vanquished.

Vanquished Creatures (others)
  An orc knight (Orc:1)
  An orc warrior (Orc:1)
  An orc priest (Orc:1)
  2 orc wizards (Orc:2)
  A gnoll (Orc:1)
  9 orcs (Orc:2)
  10 toadstools (D:3)
25 creatures vanquished.

Grand Total: 315 creatures vanquished

Notes
Turn   | Place    | Note
-------+----------+-------------------------------------------
     0 | D:1      | FluffierThanThou the Hill Orc Fighter began the quest for
                  | the Orb.
     0 | D:1      | Reached XP level 1. HP: 19/19 MP: 1/1
   190 | D:1      | Reached XP level 2. HP: 27/27 MP: 2/2
   296 | D:1      | Reached skill level 4 in Fighting
   879 | D:2      | Reached XP level 3. HP: 33/33 MP: 3/3
   969 | D:2      | Reached XP level 4. HP: 41/41 MP: 4/4
  1048 | D:2      | Noticed Jessica
  1060 | D:2      | Killed Jessica
  1405 | D:3      | Reached skill level 1 in Spellcasting
  1413 | D:3      | Reached skill level 5 in Fighting
  1413 | D:3      | Reached XP level 5. HP: 28/48 MP: 6/6
  1835 | D:3      | Reached XP level 6. HP: 56/56 MP: 8/8
  2249 | D:3      | Noticed Natasha
  2266 | D:3      | Killed Natasha
  2798 | D:4      | Reached skill level 6 in Fighting
  2967 | D:4      | Found a snail-covered altar of Cheibriados.
  2998 | D:4      | Reached XP level 7. HP: 47/63 MP: 9/9
  3222 | D:4      | Found a shimmering altar of Xom.
  3402 | D:5      | Entered Level 5 of the Dungeon
  3548 | D:5      | Reached skill level 5 in Axes
  3574 | D:5      | Found a sparkling altar of Nemelex Xobeh.
  3623 | D:5      | Reached skill level 7 in Fighting
  3623 | D:5      | Reached skill level 5 in Shields
  3671 | D:5      | Reached skill level 5 in Armour
  3671 | D:5      | Reached XP level 8. HP: 47/73 MP: 11/11
  4272 | D:6      | Found a stormy altar of Qazlal.
  4278 | D:6      | Found a bloodstained altar of Trog.
  4396 | D:6      | Found a staircase to the Ecumenical Temple.
  4406 | D:6      | Reached skill level 8 in Fighting
  4423 | Temple   | Entered the Ecumenical Temple
  4537 | D:6      | Became a worshipper of Beogh the Brigand
  4571 | D:6      | Found Jegocwet's Book Emporium.
  5247 | D:7      | Learned a level 3 spell: Conjure Flame
  5984 | D:7      | Reached skill level 1 in Conjurations
  6014 | D:7      | Found a glowing golden altar of the Shining One.
  6024 | D:7      | Reached skill level 1 in Fire Magic
  6129 | D:7      | Reached XP level 9. HP: 82/82 MP: 12/12
  6169 | D:7      | Found Vianwi's Magic Scroll Shoppe.
  6177 | D:7      | Bought a scroll of remove curse for 45 gold pieces
  6177 | D:7      | Bought a scroll of identify for 30 gold pieces
  6212 | D:7      | HP: 4/82 [killer bee (7)]
  6559 | D:7      | Reached skill level 9 in Fighting
  6560 | D:7      | Gained mutation: Your system is resistant to poisons.
                  | (rPois) [potion of mutation]
  6560 | D:7      | Gained mutation: You have sharp fingernails. [potion of
                  | mutation]
  6560 | D:7      | Gained mutation: You are partially covered in icy blue
                  | scales. (AC +2) [potion of mutation]
  6560 | D:7      | Gained mutation: You are partially covered in yellow
                  | scales. (AC +2) [potion of mutation]
  7047 | D:8      | Reached * piety under Beogh
  7149 | D:8      | Noticed a two-headed ogre
  7162 | D:8      | Noticed a two-headed ogre
  7506 | D:8      | HP: 3/84 [two-headed ogre/+0 giant club (21)]
  7509 | D:8      | Killed a two-headed ogre
  7970 | D:8      | Reached skill level 10 in Fighting
  7998 | D:8      | Got a glittering pewter amulet
  8000 | D:8      | Identified the amulet of Dim Light {rC+ rN++ Regen+ Str+4
                  | Int-3} (You found it on level 8 of the Dungeon)
  8078 | D:8      | Reached XP level 10. HP: 93/93 MP: 13/13
  8176 | D:8      | Killed a two-headed ogre
  8488 | D:8      | Identified Jiyrues's Tome of Snow and Changing
  8742 | D:9      | Reached skill level 1 in Invocations
  8831 | D:9      | Reached ** piety under Beogh
  9034 | D:9      | Found a staircase to the Orcish Mines.
  9112 | D:9      | Noticed Joseph
  9129 | D:9      | Killed Joseph
  9129 | D:9      | Reached skill level 11 in Fighting
  9545 | D:10     | Entered Level 10 of the Dungeon
  9699 | D:10     | Noticed a skeletal warrior
  9703 | D:10     | Noticed a skeletal warrior
  9827 | D:9      | Reached skill level 5 in Fire Magic
  9827 | D:9      | Reached XP level 11. HP: 33/102 MP: 1/14
 10034 | D:10     | Found a staircase to the Lair.
 10841 | Orc:1    | Entered Level 1 of the Orcish Mines
 10846 | Orc:1    | Noticed a two-headed ogre
 10848 | Orc:1    | Noticed a two-headed ogre
 10849 | Orc:1    | Noticed a two-headed ogre
 10851 | Orc:1    | Noticed an ogre mage
 10860 | D:9      | Reached skill level 5 in Conjurations
 10986 | D:9      | Killed a two-headed ogre
 10988 | D:9      | Killed a two-headed ogre
 10988 | D:9      | Reached skill level 12 in Fighting
 11085 | D:9      | Killed an ogre mage
 11092 | D:9      | Killed a two-headed ogre
 11365 | Orc:1    | Reached *** piety under Beogh
 11371 | Orc:1    | Reached skill level 5 in Invocations
 11479 | Orc:1    | Found a roughly hewn altar of Beogh.
 11505 | Orc:1    | Found a roughly hewn altar of Beogh.
 11597 | Orc:2    | Entered Level 2 of the Orcish Mines
 11604 | Orc:2    | Noticed a two-headed ogre
 11624 | Orc:2    | Killed a two-headed ogre
 11624 | Orc:2    | Reached XP level 12. HP: 81/113 MP: 10/18
 11687 | Orc:1    | Found Qint's Jewellery Shop.
 11689 | Orc:1    | Noticed a sun demon
 11691 | Orc:1    | Reached skill level 10 in Axes
 11782 | Orc:2    | Found a staircase to the Elven Halls.
 11783 | Orc:2    | Noticed an orc warlord
 12303 | Orc:2    | HP: 5/113 [orc warrior/+0 short sword[an orc warlord] (10)]
 12304 | Orc:2    | Slain by an orc warrior

Skill      XL: |  1  2  3  4  5  6  7  8  9 10 11 12 |
---------------+-------------------------------------+-----
Fighting       | 4 5 6 7 8 10 11 12 | 12.7
Axes           | 3 4 5 6 7 8 9 10 | 10.1
Spellcasting   | 1 2 4 |  4.4
Shields        | 4 5 6 7 8 |  8.8
Armour         | 4 5 6 7 8 |  8.8
Conjurations   | 1 3 4 5 |  5.0
Fire Magic     | 1 3 5 |  5.0
Invocations    | 2 5 |  5.0

Action                   |  1- 3 |  4- 6 |  7- 9 | 10-12 || total
-------------------------+-------+-------+-------+-------++-------
Melee: War axe           |    84 |   232 |   383 |    62 ||   761
       Hand axe          |       |       |       |   598 ||   598
Invok: Convert to Beogh  |       |       |     1 |       ||     1
       Smiting           |       |       |       |     6 ||     6
  Use: Potion            |       |       |     9 |     2 ||    11
       Scroll            |       |       |     3 |     2 ||     5
  Eat: Chunk             |       |     7 |     8 |     7 ||    22
       Ration            |       |       |     3 |     2 ||     5
Armor: Chain mail        |    41 |   114 |   254 |   250 ||   659
       Skin              |       |       |     3 |    11 ||    14
       Plate armour      |       |       |       |    76 ||    76
Dodge: Dodged            |    16 |    52 |   115 |   150 ||   333
Block: Shield            |    33 |   122 |   241 |   416 ||   812
